 Dungeon Crawl Stone Soup version 0.19.0-19-g8c6edcc (webtiles) character file.

106 MovingMist the Skirmisher (level 4, 0/29 HPs)
             Began as a Gargoyle Fighter on Nov 12, 2016.
             Slain by a goblin
             ... wielding a +0 club
             ... led by Robin
              (5 damage)
             ... on level 3 of the Dungeon.
             The game lasted 00:05:06 (1798 turns).

MovingMist the Skirmisher (Gargoyle Fighter)        Turns: 1798, Time: 00:05:08

Health: 0/29       AC: 16    Str: 20    XL:     4   Next: 84%
Magic:  4/4        EV:  4    Int:  8    God:
Gold:   61         SH:  9    Dex: 10    Spells: 0 memorised, 3 levels left

rFire  . . .     SeeInvis .     r - +1 whip (freeze)
rCold  . . .     Gourm    .     q - +0 plate armour
rNeg   + . .     Faith    .     c - +0 shield
rPois  ∞         Spirit   .     (no helmet)
rElec  +         Reflect  .     (no cloak)
rCorr  .         Harm     .     (no gloves)
MR     .....                    b - +0 pair of boots
Stlth  ..........               (no amulet)
                                (no ring)
                                (no ring)

@: no status effects
A: negative energy resistance 1, electricity resistance, unbreathing,
petrification resistance, rot immunity, AC +3
a: no special abilities


You were on level 3 of the Dungeon.
You were not hungry.

You visited 1 branch of the dungeon, and saw 3 of its levels.

You collected 61 gold pieces.

Inventory:

Hand Weapons
 r - a +1 whip of freezing (weapon)
Armour
 b - a +0 pair of boots (worn)
 c - a +0 shield (worn)
 q - a +0 plate armour (worn)
 u - a +0 pair of gloves
Scrolls
 a - a scroll of noise {unknown}
 h - 5 scrolls of identify {unknown}
 i - a scroll of fog {unknown}
 m - a scroll of magic mapping {unknown}
 n - a scroll of remove curse {unknown}
 s - a scroll of random uselessness {unknown}
 t - a scroll of teleportation {unknown}
Potions
 d - a potion of might
 e - a potion of haste {unknown}
 j - a potion of lignification {unknown}
 k - a potion of mutation {unknown}
 l - a potion of brilliance {unknown}
 o - a potion of degeneration {unknown}
Comestibles
 f - 3 bread rations
 g - 9 chunks of flesh
 p - a slice of pizza


   Skills:
 + Level 4.1 Fighting
 + Level 2.4 Maces & Flails
 + Level 4.1 Armour
 * Level 1.3 Dodging
 - Level 3.7 Shields


You had 3 spell levels left.
You didn't know any spells.

Dungeon Overview and Level Annotations

Branches:
Dungeon (3/15)

Altars:
Gozag

Annotations:
D:3 Robin


Innate Abilities, Weirdness & Mutations

You are resistant to torment.
Your stone body is resilient. (AC +3)
You are immune to poison.
You resist negative energy. (rN+)
You are resistant to electric shocks. (rElec)
You can survive without breathing.
You are immune to petrification.
You are immune to rotting.


Message History

You freeze the frilled lizard.
You kill the frilled lizard!
The goblin barely misses you. The goblin hits you but does no damage.
You block the goblin's attack.
You hit the hobgoblin. You freeze the hobgoblin.
The hobgoblin is heavily wounded.
You block the hobgoblin's attack. You block the goblin's attack.
The goblin hits you but does no damage. The goblin hits you with a club.
* * * LOW HITPOINT WARNING * * *
You block the goblin's attack.
Unknown command.
You hit the goblin. You freeze the goblin.
You kill the goblin!
The hobgoblin hits you but does no damage.
The goblin hits you but does no damage. x3
You barely miss Robin.
The hobgoblin no longer looks unusually strong.
You block the hobgoblin's attack. The goblin hits you but does no damage.
The goblin hits you with a club.
You die...

...g. ..g.g ...... ?....g
#.#.################......
........)..g@gg...........
#.########.ggg........#
#..g.........###
+......<........#
#............##.#
#............#
#...............
#.............##
#.............#


You could see Robin, 2 hobgoblins and 4 goblins.

Vanquished Creatures
  4 adders
  An ooze (D:1)
  2 dart slugs
  2 leopard geckos
  3 orcs (D:3)
  A ball python (D:1)
  3 giant cockroaches
  9 goblins
  7 hobgoblins
  4 jackals (D:2)
  A quokka (D:2)
  3 bats
  6 frilled lizards
  4 kobolds
  4 rats
54 creatures vanquished.

Notes
Turn   | Place    | Note
-------+----------+-------------------------------------------
     0 | D:1      | MovingMist the Gargoyle Fighter began the quest for the Orb.
     0 | D:1      | Reached XP level 1. HP: 14/14 MP: 1/1
   151 | D:1      | Reached XP level 2. HP: 15/19 MP: 2/2
   544 | D:1      | Reached XP level 3. HP: 21/24 MP: 3/3
   833 | D:2      | Found an opulent altar of Gozag.
  1512 | D:2      | Reached XP level 4. HP: 29/29 MP: 4/4
  1724 | D:3      | Reached skill level 1 in Dodging
  1768 | D:3      | Noticed Robin
  1798 | D:3      | Slain by a goblin

Skill      XL: |  1  2  3  4 |
---------------+-------------+-----
Fighting       | 4 |  4.1
Armour         | 4 |  4.1
Dodging        | 1 |  1.3
Maces & Flails | |  2.4
Shields        | |  3.7

Action                   |  1- 3 |  4- 6 || total
-------------------------+-------+-------++-------
Melee: Flail             |   107 |       ||   107
       Whip              |    53 |    82 ||   135
  Eat: Chunk             |     2 |     1 ||     3
Armor: Scale mail        |    48 |       ||    48
       Plate armour      |    33 |    74 ||   107
Dodge: Dodged            |    29 |    23 ||    52
Block: Shield            |    76 |    63 ||   139
